 Dungeon Crawl Stone Soup version 0.25-a0-189-gf71692caf1 (webtiles) character file.

Game seed: 7733121070466856657, levelgen mode: deterministic

1366 Gumption the Ruffian (level 8, -6/70 HPs)
             Began as a Troll Warper on Nov 29, 2019.
             Was an Initiate of Hepliaklqana.
             Mangled by a wight
             ... wielding a cursed +1 trident of venom
              (8 damage)
             ... on level 6 of the Dungeon.
             The game lasted 00:25:27 (4631 turns).

Gumption the Ruffian (Troll Warper)                 Turns: 4631, Time: 00:25:28

Health: -6/70      AC:  6    Str: 22    XL:     8   Next: 38%
Magic:  9/9        EV: 11    Int:  9    God:    Hepliaklqana [......]
Gold:   151        SH:  0    Dex:  9    Spells: 9/9 levels left

rFire    . . .     SeeInvis .     - Unarmed
rCold    . . .     Gourm    +   (no shield)
rNeg     . . .     Faith    .   v - +0 robe
rPois    .         Spirit   .   b - +0 hat
rElec    .         Reflect  .   (no cloak)
rCorr    .         Harm     .   (gloves unavailable)
MR       .....                  (boots unavailable)
Stlth    +.........             (no amulet)
HPRegen  0.61/turn              (no ring)
MPRegen  0.11/turn              (no ring)

@: lightly drained
A: large, unfitting armour, reduced essence, claws 3, fast metabolism 3,
gourmand, regeneration 1, shaggy fur 1, tough skin 3
a: Recall Ancestor, Ancestor Identity, Renounce Religion


You were on level 6 of the Dungeon.
You worshipped Hepliaklqana.
Hepliaklqana was noncommittal.
You were not hungry.

You visited 2 branches of the dungeon, and saw 7 of its levels.

You collected 151 gold pieces.

Inventory:

Missiles
 f - 166 stones
 g - 17 poisoned darts (quivered)
 h - 7 silver javelins
 p - 5 boomerangs of dispersal
 w - 4 boomerangs
Armour
 a - a +0 robe
 b - a +0 hat (worn)
 v - a +0 robe (worn)
Jewellery
 l - an uncursed amulet of the acrobat {unknown}
Wands
 t - a wand of flame (4)
 C - a wand of iceblast (7)
 D - a wand of paralysis (19)
 E - a wand of acid (5)
Scrolls
 c - 3 scrolls of blinking
 d - a scroll of remove curse
 i - a scroll of amnesia
 j - a scroll of random uselessness {unknown}
 r - 2 scrolls of teleportation
Potions
 k - 3 potions of heal wounds
 m - a potion of flight
 n - 2 potions of lignification
 o - a potion of haste
 q - 4 potions of cancellation
 s - 2 potions of berserk rage
 u - a potion of mutation
 x - 5 potions of curing
 z - a potion of degeneration {unknown}
 A - 2 potions of brilliance
 B - 2 potions of agility {unknown}
Comestibles
 e - 7 rations


   Skills:
 + Level 4.2(3.8) Fighting
 + Level 3.1(2.8) Throwing
 + Level 4.3(4.0) Dodging
 * Level 7.0(6.7) Unarmed Combat
 - Level 1.4(1.1) Spellcasting
   Level 2.1(1.8) Translocations


You had 9 spell levels left.
You didn't know any spells.
Your spell library contained the following spells:

 Spells                   Type           Power        Failure   Level  Hunger
 Blink                    Tloc           N/A          26%         2    ###....
 Shroud of Golubria       Chrm/Tloc      #.....       36%         2    ###....
 Gell's Gravitas          Tloc           #.........   45%         3    ####...
 Lesser Beckoning         Tloc           #.........   45%         3    ####...
 Teleport Other           Tloc           #.......     45%         3    ####...
 Passage of Golubria      Tloc           N/A          86%         4    #####..


Dungeon Overview and Level Annotations

Branches:
Dungeon (6/15)             Temple (1/1) D:6

Altars:
Cheibriados
Dithmenos
Elyvilon
Fedhas
Gozag
Hepliaklqana
Kikubaaqudgha
Makhleb
Nemelex Xobeh
Okawaru
Qazlal
Ru
Sif Muna
Trog
Uskayaw
Vehumet
Wu Jian
Xom
Yredelemnul
Zin
The Shining One

Annotations:
D:6 Dowan


Innate Abilities, Weirdness & Mutations

You are too large for most types of armour.
You have claws for hands.
Your metabolism is lightning-fast.
You like to eat raw meat.
Your natural rate of healing is unusually fast.
You are covered in fur. (AC +1)
You have extremely tough skin. (AC +3)
Your life essence is reduced to manifest your ancestor. (-10% HP)


Message History

You kill the scorpion!
Your base Unarmed Combat skill increases to level 7!
Zolin misses Dowan.
Dowan hits Zolin with a +0 dagger.
An adder skeleton comes into view.
You barely miss the wight.
Dowan hits Zolin with a +0 dagger.
Zolin closely misses Dowan.
The wight hits you but does no damage.
You closely miss the wight.
Dowan closely misses Zolin.
The wight barely misses you.
Zolin hits Dowan but does no damage.
Dowan hits Zolin but does no damage.
You scratch the wight.
The wight is moderately damaged.
The wight barely misses you.
Dowan mumbles some strange words.
Dowan blinks!
The wight hits you from afar with a cursed +1 trident of venom!
* * * LOW HITPOINT WARNING * * *
You mangle the wight!!
You destroy the wight!
The wight hits you from afar with a cursed +1 trident of venom!
You die...

#.##..##....##......#
#.##........##.......
#........#R.##.......
####.######.####.##..
#.# #..# #.#... #ยง#
#..# #.#.#. #.#
#..###.#..# #R#
#...##..... #@#
#.#.##....# #)#
#.#.##.#.#. #z#
#.#(.#..... .Z.
#.##.#..... ...
#.##...#### .....
#.###..# ..... #.#
#..# .##.### #.# #..#
#.# #..#


You could see the friendly Zolin the ancestor, a wight and an adder skeleton.

Vanquished Creatures
  Menkaure (D:6)
  Duvessa (D:6)
  An ice beast (D:4)
  A phantom (D:5)
  An ogre (D:4)
  A centaur (D:2)
  3 scorpions
  3 wights (D:6)
  A bullfrog zombie (D:5)
  2 crimson imps
  4 hounds
  A centaur skeleton (D:4)
  2 iguanas (D:5)
  Jessica (D:3)
  Ijyb (D:4)
  2 worker ants (D:6)
  A worker ant zombie (D:3)
  7 adders
  A shadow imp (D:5)
  An ooze (D:3)
  4 worms
  2 dart slugs
  A leopard gecko (D:2)
  11 orcs
  A ball python (D:2)
  5 giant cockroaches
  8 goblins
  10 hobgoblins
  2 jackals (D:2)
  A quokka (D:2)
  3 bats (D:3)
  6 frilled lizards
  10 kobolds
  A leopard gecko zombie (D:6)
  8 rats
109 creatures vanquished.

Notes
Turn   | Place    | Note
-------+----------+-------------------------------------------
     0 | D:1      | Gumption the Troll Warper began the quest for the Orb.
     0 | D:1      | Reached XP level 1. HP: 19/19 MP: 1/1
   404 | D:1      | Reached XP level 2. HP: 24/28 MP: 3/3
  1118 | D:2      | Reached XP level 3. HP: 34/35 MP: 4/4
  1376 | D:2      | Noticed a centaur
  1385 | D:2      | Killed a centaur
  1385 | D:2      | Reached skill level 3 in Unarmed Combat
  1385 | D:2      | Reached XP level 4. HP: 41/44 MP: 5/5
  1779 | D:3      | Noticed Jessica
  1784 | D:3      | Killed Jessica
  1784 | D:3      | Reached XP level 5. HP: 39/50 MP: 6/6
  1954 | D:3      | Reached skill level 4 in Unarmed Combat
  2708 | D:4      | Noticed an ice beast
  2723 | D:4      | Killed an ice beast
  2723 | D:4      | Reached XP level 6. HP: 33/61 MP: 7/7
  2773 | D:4      | Reached skill level 5 in Unarmed Combat
  2813 | D:4      | Reached skill level 1 in Throwing
  2844 | D:4      | Noticed Ijyb
  2859 | D:4      | Killed Ijyb
  3045 | D:4      | Reached XP level 7. HP: 67/67 MP: 8/8
  3326 | D:5      | Entered Level 5 of the Dungeon
  3677 | D:5      | Reached skill level 6 in Unarmed Combat
  4349 | D:6      | Found a staircase to the Ecumenical Temple.
  4374 | D:6      | Reached XP level 8. HP: 78/78 MP: 9/9
  4382 | Temple   | Entered the Ecumenical Temple
  4501 | Temple   | Became a worshipper of Hepliaklqana the Forgotten
  4595 | D:6      | Noticed Dowan
  4595 | D:6      | Noticed Menkaure
  4597 | D:6      | Noticed Duvessa
  4601 | D:6      | Killed Menkaure
  4605 | D:6      | Killed Duvessa
  4627 | D:6      | Reached skill level 7 in Unarmed Combat
  4630 | D:6      | HP: 1/70 [wight/cursed +1 trident of venom (9)]
  4631 | D:6      | Mangled by a wight

Levels and vault maps discovered:
D:1:      wander_arrival_desolate, layout_basic
D:2:      minmay_spotlight, layout_loops_ring
D:3:      layout_basic, kennysheep_big_empty_room, minmay_goblin_outpost,
          uniq_jessica
D:4:      layout_basic, first_ration, uniq_ijyb
D:5:      layout_basic, serial_corexii_hall, corexii_hall_statues_x,
          corexii_hall_statues_i, corexii_hall_statues_s, hangedman_glass_teeth
D:6:      layout_basic, minmay_temple_entry_crystal_x, uniq_menkaure,
          uniq_duvessa
Temple:   nicolae_temple_the_god_donut

Skill      XL: |  1  2  3  4  5  6  7  8 |
---------------+-------------------------+-----
Dodging        | 2 3 4 |  4.3
Fighting       | 2 3 4 |  4.2
Unarmed Combat | 3 4 5 6 7 |  7.0
Throwing       | 1 2 3 |  3.1
Spellcasting   | |  1.4
Translocations | |  2.1

Action                   |  1- 3 |  4- 6 |  7- 9 || total
-------------------------+-------+-------+-------++-------
Melee: Unarmed           |   105 |   133 |   118 ||   356
       Punch             |       |     3 |     2 ||     5
Throw: Stone             |       |     5 |       ||     5
       Dart              |       |   100 |    12 ||   112
Evoke: Wand              |       |       |     7 ||     7
  Use: Scroll            |       |       |    15 ||    15
  Eat: Chunk             |    14 |    11 |     9 ||    34
       Ration            |     2 |       |     1 ||     3
Armor: Robe              |    37 |    38 |    27 ||   102
Dodge: Dodged            |    45 |    54 |    59 ||   158

Table legend:
 A = Non-vault XP
 B = Vault XP
 C = Vault XP percentage of total XP
 D = Non-vault monster count
 E = Vault monster count
 F = Vault count percentage of total count
                 A         B        C        D         E       F
            +---------+---------+-------+---------+---------+-------
      Total |    1613 |     339 |  17.4 |      96 |      13 |  11.9
            +---------+---------+-------+---------+---------+-------
        D:1 |      23 |       0 |   0.0 |      16 |       0 |   0.0
        D:2 |     156 |       3 |   1.9 |      19 |       2 |   9.5
        D:3 |     105 |      50 |  32.3 |      25 |       8 |  24.2
        D:4 |     508 |      36 |   6.6 |       9 |       1 |  10.0
        D:5 |     458 |       0 |   0.0 |      19 |       0 |   0.0
        D:6 |     363 |     250 |  40.8 |       8 |       2 |  20.0
            +---------+---------+-------+---------+---------+-------
